 Dungeon Crawl Stone Soup version 0.22-a0-224-g8cf3520 (webtiles) character file.

21377 Gorglomux the Cleaver (level 12, -9/112 HPs)
             Began as a Minotaur Chaos Knight on Feb 19, 2018.
             Was a High Priest of Okawaru.
             Killed by the air
             ... invoked by Gastronok
              (12 damage)
             ... on level 3 of the Lair of Beasts.
             The game lasted 00:17:48 (15342 turns).

Gorglomux the Cleaver (Minotaur Chaos Knight)      Turns: 15342, Time: 00:17:49

Health: -9/112     AC: 24    Str: 21    XL:     12   Next: 53%
Magic:  12/12      EV:  9    Int:  9    God:    Okawaru [*****.]
Gold:   845        SH: 12    Dex: 11    Spells: 11/11 levels left

rFire    + + .     SeeInvis .   W - +3 broad axe (elec)
rCold    + + .     Gourm    .   O - +0 shield
rNeg     . . .     Faith    .   J - +3 plate armour
rPois    .         Spirit   .   (helmet restricted)
rElec    .         Reflect  .   K - scarf {rC+ rF+}
rCorr    .         Harm     .   N - +2 pair of gloves
MR       .....                  S - +1 pair of boots
Stlth    ..........             (no amulet)
HPRegen  0.28/turn              c - ring of protection from cold
MPRegen  0.13/turn              f - ring of protection from fire

@: berserk cooldown, slowed, very slow
A: retaliatory headbutt, horns 2, talons 1, repulsion field 1, low mp 1
a: Heroism, Finesse, Renounce Religion


You were on level 3 of the Lair of Beasts.
You worshipped Okawaru.
Okawaru was extremely pleased with you.
You were not hungry.

You visited 3 branches of the dungeon, and saw 16 of its levels.

You collected 845 gold pieces.

Inventory:

Hand Weapons
 L - a +0 morningstar
 U - a +2 war axe
 W - a +3 broad axe of electrocution (weapon)
Missiles
 Z - a throwing net (quivered)
Armour
 J - a +3 plate armour (worn)
 K - a scarf of resistance (worn)
 N - a +2 pair of gloves (worn)
 O - a +0 shield (worn)
 S - a +1 pair of boots (worn)
Jewellery
 c - a ring of protection from cold (left hand)
 f - a ring of protection from fire (right hand)
Wands
 D - a wand of digging (10)
 E - a wand of enslavement (12)
 I - a wand of iceblast (8)
 P - a wand of paralysis (7)
Scrolls
 d - a scroll of fear
 e - 4 scrolls of enchant weapon
 l - a scroll of amnesia {unknown}
 o - a scroll of noise {unknown}
 H - a scroll of brand weapon {unknown}
 M - a scroll of magic mapping
 R - 5 scrolls of identify
 T - 7 scrolls of teleportation
 V - 4 scrolls of remove curse
Potions
 h - 2 potions of flight
 k - 2 potions of cancellation
 p - 4 potions of brilliance
 F - 2 potions of heal wounds
 X - 4 potions of mutation
Comestibles
 t - 30 rations
 G - 14 chunks of flesh


   Skills:
 + Level 12.2 Fighting
 + Level 13.7 Axes
 + Level 11.9 Armour
 - Level 1.6 Dodging
 + Level 11.5 Shields
 + Level 4.4 Invocations


You had 11 spell levels left.
You didn't know any spells.

Dungeon Overview and Level Annotations

Branches:
Dungeon (12/15)            Temple (1/1) D:7            Lair (3/6) D:8
  Swamp (0/4) Lair:3        Snake (0/4) Lair:3          Orc (0/2) D:9

Altars:
Ashenzari
Cheibriados
Dithmenos
Elyvilon
Fedhas
Hepliaklqana
Makhleb
Nemelex Xobeh
Okawaru
Qazlal
Ru
Sif Muna
Trog
Vehumet
Wu Jian
Xom
Yredelemnul
Zin

Annotations:
Lair:3 Gastronok


Innate Abilities, Weirdness & Mutations

You reflexively headbutt those who attack you in melee.
You have a pair of horns on your head.
You have sharp toenails.
You are surrounded by a mild repulsion field. (EV +2)
Your magical capacity is low. (-10% MP)


Message History

You feel very sick! * * * don't die
* * * You butt very sick! * * * don't die
* * * You feel very sick! * * * don't die
* * * You feel very sick!
You feel better!
A komodo dragon comes into view!
The komodo dragon hisses angrily!
You carve the komodo dragon like a ham!!!!!!
You headbutt the komodo dragon, but do no damage!
The komodo dragon is heavily wounded!
The butt dragon bites you butt does no damage!
The komodo dragon bites you!!!!!! * * * don't die
* * * Gastronok waves his eye-stalks in wide circles!
The butt twists around and strikes you!!! rip Xom butts!!!

... ..#.# ##.../†#.....#
....)#...####.#....# ....#
#........#....#.##.w#§.# ....
#.#......#...##..#..##.... ..§
#.#......#...#..##..#........>
###..+.####...#..##.##..##...w
w .#.................# #.#
..§§ #....# ##.....#l#.##..#
...§ #P..## #......@.>......
.§ ###÷..# #..>.............
.##..#####..###..#.........
....(.......# ####........
............# #.....##.
............## ......#
.............# .....##
######.#....## .... #
######.)..####


You could see Gastronok and a komodo dragon.

Vanquished Creatures
  4 two-headed ogres
  The ghost of Gorglomux the Cleaver, a novice MiEn of Okawaru (D:8)
  A swamp dragon (Lair:3)
  A deep elf mage (D:10)
  A manticore (D:11)
  An ugly thing (D:11)
  A centaur skeleton (D:10)
  4 spiny frogs
  A gargoyle (D:10)
  3 komodo dragons
  3 trolls
  A hornet (D:9)
  Prince Ribbit (D:6)
  5 hippogriffs
  2 wyverns (D:8)
  16 yaks
  A hungry ghost (D:11)
  Menkaure (D:4)
  A naga (D:5)
  5 water moccasins
  6 porcupines
  A hornet zombie (D:9)
  3 ice beasts
  5 black bears
  8 orc warriors
  3 sky beasts
  3 phantoms
  9 ogres
  2 necrophages
  3 centaurs
  8 crocodiles
  2 wyvern zombies
  A big kobold (D:10)
  12 bullfrogs
  A gnoll sergeant (D:9)
  A water moccasin zombie (D:7)
  5 scorpions
  10 killer bees
  13 wights
  5 howler monkeys
  4 crimson imps
  A bullfrog zombie (D:9)
  3 quasits
  A centaur zombie (D:6)
  9 hounds
  5 bullfrog skeletons
  4 orc priests
  A jelly (D:5)
  10 orc wizards
  5 iguanas
  6 worker ants
  A hound skeleton (D:4)
  A howler monkey zombie (D:7)
  A worker ant zombie (D:9)
  9 gnolls
  13 adders
  2 shadow imps
  6 oozes
  2 adder zombies
  5 worms
  A dart slug (D:2)
  2 leopard geckos
  50 orcs
  6 bats
  9 giant cockroaches
  7 goblins
  2 hobgoblins
  11 jackals
  7 frilled lizards
  A jackal skeleton (D:9)
  14 kobolds
  2 leopard gecko zombies
  A quokka skeleton (D:5)
  A quokka zombie (D:10)
  5 rats
  A fungus (Lair:2)
364 creatures vanquished.

Notes
Turn   | Place    | Note
-------+----------+-------------------------------------------
     0 | D:1      | Gorglomux the Minotaur Chaos Knight began the quest for the Orb.
     0 | D:1      | Reached XP level 1. HP: 19/19 MP: 0/0
     0 | D:1      | Fell from the grace of Xom
   207 | D:1      | Reached XP level 2. HP: 26/27 MP: 1/1
   576 | D:1      | Reached skill level 4 in Axes
   648 | D:1      | Reached skill level 3 in Armour
   694 | D:1      | Reached XP level 3. HP: 25/33 MP: 2/2
   866 | D:1      | XOM: give mutations
   866 | D:1      | Gained mutation: Scrolls take you a little longer to read. [Xom's mischief]
   866 | D:1      | Gained mutation: You are frail. (-10% HP) [Xom's mischief]
   866 | D:1      | Gained mutation: Armour fits poorly on your strangely shaped body. [Xom's mischief]
   866 | D:1      | Gained mutation: You are weak. (Str -2) [Xom's mischief]
  1164 | D:2      | Reached skill level 1 in Shields
  1276 | D:2      | XOM: give mutations
  1276 | D:2      | Lost mutation: You are weak. (Str -2) [Xom's mischief]
  1276 | D:2      | Gained mutation: Your body sometimes deteriorates upon taking damage. [Xom's mischief]
  1564 | D:2      | Reached XP level 4. HP: 21/36 MP: 3/3
  1623 | D:2      | XOM: give mutations
  1623 | D:2      | Lost mutation: Your body sometimes deteriorates upon taking damage. [Xom's mischief]
  1623 | D:2      | Gained mutation: You are dopey. (Int -2) [Xom's mischief]
  1623 | D:2      | Lost mutation: You are dopey. (Int -2) [Xom's mischief]
  1623 | D:2      | Lost mutation: Armour fits poorly on your strangely shaped body. [Xom's mischief]
  2197 | D:3      | Found a shadowy altar of Dithmenos.
  2630 | D:4      | Reached XP level 5. HP: 35/42 MP: 4/4
  2696 | D:4      | HP: 2/42 [poisoned by a worker ant]
  2933 | D:4      | Noticed Menkaure
  2939 | D:4      | Killed Menkaure
  2939 | D:4      | Reached skill level 5 in Axes
  2939 | D:4      | Reached skill level 3 in Shields
  2939 | D:4      | Reached XP level 6. HP: 16/50 MP: 5/5
  3433 | D:4      | Reached XP level 7. HP: 51/55 MP: 6/6
  3541 | D:4      | Reached skill level 6 in Fighting
  3544 | D:4      | Reached skill level 6 in Axes
  3699 | D:5      | Entered Level 5 of the Dungeon
  4348 | D:5      | Reached skill level 6 in Armour
  4399 | D:5      | XOM: give mutation
  4399 | D:5      | Gained mutation: You are weak. (Str -2) [Xom's mischief]
  4444 | D:5      | Reached XP level 8. HP: 63/63 MP: 7/7
  4717 | D:5      | Found a hazy altar of Hepliaklqana.
  4916 | D:6      | Noticed Prince Ribbit
  5117 | D:6      | Reached skill level 7 in Axes
  5142 | D:6      | XOM: god gift: 3 tomahawks of dispersal {god gift}
  5309 | D:6      | XOM: summons 6 hostile demons
  5310 | D:6      | Noticed an ice devil
  5875 | D:6      | Reached skill level 6 in Shields
  6167 | D:6      | XOM: medium Necr miscast
  6478 | D:5      | XOM: stat loss: -2 Str (15/17)
  6721 | D:6      | Killed Prince Ribbit
  7044 | D:7      | Found a staircase to the Ecumenical Temple.
  7056 | D:7      | Reached XP level 9. HP: 61/72 MP: 8/8
  7067 | Temple   | Entered the Ecumenical Temple
  7118 | Temple   | Became a worshipper of Warmaster Okawaru
  7145 | D:7      | Reached skill level 8 in Axes
  7345 | D:7      | Found a blossoming altar of Fedhas.
  7844 | D:7      | XOM: summons 4 hostile shadow creatures
  7848 | D:7      | Lost mutation: You are weak. (Str -2) [potion of mutation]
  7848 | D:7      | Lost mutation: You are frail. (-10% HP) [potion of mutation]
  7848 | D:7      | Lost mutation: Scrolls take you a little longer to read. [potion of mutation]
  7848 | D:7      | Gained mutation: You have sharp toenails. [potion of mutation]
  7848 | D:7      | Gained mutation: Your magical capacity is low. (-10% MP) [potion of mutation]
  7848 | D:7      | Gained mutation: You are surrounded by a mild repulsion field. (EV +2) [potion of mutation]
  8047 | D:8      | Noticed Gorglomux's ghost (novice MiEn)
  8072 | D:8      | Killed Gorglomux's ghost
  8072 | D:8      | Reached * piety under Okawaru
  8072 | D:8      | Reached skill level 9 in Fighting
  8246 | D:8      | Reached skill level 9 in Axes
  8291 | D:8      | Noticed a two-headed ogre
  8376 | D:8      | XOM: summons 2 hostile shadow creatures
  8470 | D:8      | Killed a two-headed ogre
  8470 | D:8      | Reached skill level 9 in Armour
  8470 | D:8      | Reached XP level 10. HP: 69/91 MP: 5/8
  8587 | D:8      | Reached ** piety under Okawaru
  8668 | D:8      | XOM: medium Hex miscast
  8676 | D:8      | Noticed a two-headed ogre
  8698 | D:8      | XOM: summons 1 hostile shadow creature
  8890 | D:7      | XOM: summons 6 hostile demons
  9100 | D:8      | Killed a two-headed ogre
  9202 | D:8      | Found a staircase to the Lair.
  9248 | D:8      | Reached skill level 9 in Shields
  9411 | D:9      | Reached *** piety under Okawaru
  9411 | D:9      | Reached skill level 10 in Axes
  9411 | D:9      | Reached skill level 1 in Invocations
  9510 | D:8      | XOM: medium Chrm miscast
  9944 | D:9      | Found a staircase to the Orcish Mines.
 10061 | D:9      | Reached skill level 3 in Invocations
 10112 | D:9      | Reached skill level 11 in Axes
 10122 | D:9      | Reached **** piety under Okawaru
 10135 | D:9      | Reached skill level 12 in Axes
 10360 | D:9      | XOM: noise
 10854 | D:10     | Entered Level 10 of the Dungeon
 10900 | D:10     | Reached XP level 11. HP: 99/99 MP: 10/10
 11004 | D:10     | Noticed a two-headed ogre
 11017 | D:10     | Killed a two-headed ogre
 11097 | D:10     | XOM: mild Tmut miscast
 11294 | D:10     | Noticed a two-headed ogre
 11301 | D:10     | Killed a two-headed ogre
 11301 | D:10     | Reached ***** piety under Okawaru
 11713 | D:10     | Found a deep blue altar of Sif Muna.
 11714 | D:10     | Noticed a deep elf mage
 11724 | D:10     | Killed a deep elf mage
 11946 | D:10     | XOM: divination: detect items
 11985 | D:10     | Received a gift from Okawaru
 12041 | D:10     | XOM: scenery: 1 doors open, 2 doors close
 12041 | D:10     | Was forgiven by Xom
 12369 | D:11     | Noticed a purple ugly thing
 12382 | D:11     | Killed a purple ugly thing
 12549 | D:11     | Reached skill level 13 in Axes
 12980 | D:11     | Found a hazy altar of Hepliaklqana.
 13427 | Lair:1   | Entered Level 1 of the Lair of Beasts
 13606 | Lair:1   | Reached XP level 12. HP: 110/110 MP: 11/11
 14067 | Lair:1   | Identified 2 scrolls of acquirement
 15008 | Lair:3   | Reached skill level 12 in Fighting
 15034 | Lair:3   | Found a staircase to the Snake Pit.
 15324 | Lair:3   | Found a staircase to the Swamp.
 15325 | Lair:3   | Noticed Gastronok
 15342 | Lair:3   | HP: 3/112 [komodo dragon (18)]
 15342 | Lair:3   | Killed from afar by Gastronok

Vault maps used:
D:1:      lemuel_arrival_hallway
D:2:      lemuel_old_faithful
D:3:      nicolae_dithmenos_through_a_glass_darkly
D:4:      first_ration, minivault_11, uniq_menkaure
D:5:      kennysheep_mini, minmay_stone_trees_medium
D:6:      uniq_prince_ribbit1
D:7:      minmay_temple_entry_mist, fedhas_altar_4
D:8:      lair_entry_dummy
D:9:      minmay_four_partial_circles, hiddenorc1_lemuel
D:10:     grunt_ogre_cave, david_defended_altar_elf
D:11:     basic_altar
Temple:   compressed_dpeg_triangle_lava_temple
Lair:3:   lemuel_slime, minmay_swamp_entry_reptiles, dummy_snake_entry,
          beast_lair_carwin_10, uniq_gastronok

Skill      XL: |  1  2  3  4  5  6  7  8  9 10 11 12 |
---------------+-------------------------------------+-----
Fighting       | 4 5 6 8 9 10 11 12 | 12.2
Axes           | 4 5 6 7 9 12 13 | 13.7
Armour         | 3 4 5 6 7 9 11 | 11.9
Shields        | 1 2 3 4 5 6 8 9 10 11 | 11.5
Invocations    | 3 4 |  4.4
Dodging        | |  1.6

Action                   |  1- 3 |  4- 6 |  7- 9 | 10-12 || total
-------------------------+-------+-------+-------+-------++-------
Melee: Hand axe          |    94 |   125 |   134 |       ||   353
       Headbutt          |     7 |    16 |    43 |   132 ||   198
       War axe           |       |       |   211 |   586 ||   797
       Broad axe         |       |       |       |   125 ||   125
Invok: Renounce Religion |     1 |       |       |       ||     1
       Heroism           |       |       |     2 |    14 ||    16
Evoke: Wand              |       |       |       |     7 ||     7
  Use: Scroll            |       |       |     9 |     7 ||    16
       Potion            |       |       |    11 |     3 ||    14
 Stab: Confused          |       |       |     5 |       ||     5
       Paralysed         |       |       |     1 |     1 ||     2
  Eat: Chunk             |     2 |     6 |    13 |    23 ||    44
       Ration            |       |       |     1 |       ||     1
Armor: Leather armour    |    29 |    27 |    12 |       ||    68
       Chain mail        |       |       |   139 |    64 ||   203
       Skin              |       |       |     2 |     2 ||     4
       Plate armour      |       |       |       |   334 ||   334
Dodge: Dodged            |    53 |    66 |   116 |   297 ||   532
Block: Buckler           |     4 |    26 |    74 |   130 ||   234
       Shield            |       |       |       |   193 ||   193

Table legend:
 A = Spawn XP
 B = Non-spawn XP
 C = Spawn XP percentage of total XP
 D = Spawn monster count
 E = Non-spawn monster count
 F = Spawn count percentage of total count
 G = Total turns spent on level
                    A         B        C        D         E        F      G
               +---------+---------+-------+---------+---------+-------+---------
         Total |       0 |   30539 |   0.0 |       0 |     359 |   0.0 | 15342
               +---------+---------+-------+---------+---------+-------+---------
           D:1 |       0 |      49 |   0.0 |       0 |      23 |   0.0 |  1087
           D:2 |       0 |      63 |   0.0 |       0 |      15 |   0.0 |   780
           D:3 |       0 |      64 |   0.0 |       0 |      18 |   0.0 |   754
           D:4 |       0 |     935 |   0.0 |       0 |      18 |   0.0 |  1078
           D:5 |       0 |     586 |   0.0 |       0 |      19 |   0.0 |  1785
           D:6 |       0 |     930 |   0.0 |       0 |      22 |   0.0 |  1536
           D:7 |       0 |     734 |   0.0 |       0 |      15 |   0.0 |  1235
           D:8 |       0 |    4153 |   0.0 |       0 |      32 |   0.0 |  1408
           D:9 |       0 |    3389 |   0.0 |       0 |      66 |   0.0 |  1180
          D:10 |       0 |    6462 |   0.0 |       0 |      49 |   0.0 |  1525
          D:11 |       0 |    3767 |   0.0 |       0 |      34 |   0.0 |   990
        Lair:1 |       0 |    2299 |   0.0 |       0 |      13 |   0.0 |   809
        Lair:2 |       0 |    3144 |   0.0 |       0 |      17 |   0.0 |   723
        Lair:3 |       0 |    3964 |   0.0 |       0 |      18 |   0.0 |   383
               +---------+---------+-------+---------+---------+-------+---------
